 Dungeon Crawl Stone Soup version 0.30-a0-347-gf58ed5266c (webtiles) character file.

Game seed: 6464638889752960941

3306 Engwar the Conjurer (level 9, -7/72 HPs)
             Began as a Demigod Conjurer on Nov 6, 2022.
             Killed from afar by a gargoyle (20 damage)
             ... with a stone arrow
             ... on level 7 of the Dungeon.
             The game lasted 00:31:07 (8561 turns).

Engwar the Conjurer (Demigod Conjurer)              Turns: 8561, Time: 00:31:07

Health: -7/72      AC: 13    Str:  8    XL:     9   Next: 43%
Magic:  9/19       EV: 14    Int: 32    God:
Gold:   267        SH:  0    Dex: 18    Spells: 3/17 levels left

rFire   + + .      SeeInvis .    h - +3 Elemental Staff {rElec rF++ rC++ AC+5}
rCold   + + .      Faith    .    (no shield)
rNeg    . . .      Spirit   .    m - +2 leather armour {Will+}
rPois   .          Reflect  .    (no helmet)
rElec   +          Harm     .    (no cloak)
rCorr   .          Rampage  .    i - +2 pair of gloves
Will    +....                    (no boots)
Stlth   ++........               s - amulet of magic regeneration
HPRegen 0.32/turn                a - +6 ring of dexterity
MPRegen 0.56/turn                (no ring)

@: about to teleport
A: high MP 1, forlorn, divine attributes
a: no special abilities


You were on level 7 of the Dungeon.
You visited 1 branch of the dungeon, and saw 7 of its levels.

You collected 791 gold pieces.
You spent 524 gold pieces at shops.

Inventory:

Hand Weapons
 g - a +2 spear of freezing
 h - the +3 Elemental Staff (weapon) {rElec rF++ rC++ AC+5}
   (You acquired it on level 5 of the Dungeon)

   If the wielder is skilled in Evocations, they can discharge powerful blasts
   of elemental energy when striking with it.
   It enhances your fire, ice, earth and air magic.
   AC:        It affects your AC (+5).
   rF:        It greatly protects you from fire.
   rC:        It greatly protects you from cold.
   rElec:     It insulates you from electricity.
Missiles
 j - 4 atropa-tipped darts
Armour
 i - a +2 pair of gloves (worn)
 m - a +2 leather armour of willpower (worn)
 u - a +0 kite shield
Jewellery
 a - a +6 ring of dexterity (left hand)
 s - an amulet of magic regeneration (around neck)
Wands
 f - a wand of quicksilver (5)
 o - a wand of digging (4)
Scrolls
 c - 5 scrolls of teleportation
 k - 2 scrolls of vulnerability
 n - 3 scrolls of poison
Potions
 b - 3 potions of magic
 d - 2 potions of flight
 e - a potion of berserk rage
 l - 2 potions of lignification
 q - 3 potions of curing
 r - a potion of brilliance
 t - a potion of cancellation {unknown}


   Skills:
 + Level 4.7 Fighting
 + Level 4.8 Armour
 - Level 5.0 Dodging
 - Level 1.7 Stealth
 - Level 4.7 Spellcasting
 + Level 6.2 Conjurations
 - Level 2.0 Air Magic
 + Level 4.2 Poison Magic
 + Level 3.1 Evocations


You had 3 spell levels left.
You knew the following spells:

 Your Spells              Type           Power      Damage    Failure   Level
a - Magic Dart            Conj           100%       1d8       1%          1
b - Searing Ray           Conj           94%        2d7       1%          2
c - Iskenderun's Mystic   Conj/Tloc      27%        2d7       21%         4
d - Ignite Poison         Fire/Tmut/Pois 24%        N/A       12%         3
e - Olgreb's Toxic Radia  Pois           34%        N/A       12%         4

Your spell library contained the following spells:

 Spells                   Type           Power      Damage    Failure   Level
 Kiss of Death            Conj/Necr      100%       2d13      1%          1
 Sting                    Tmut/Pois      84%        1d7       3%          1
 Poisonous Vapours        Pois/Air       82%        N/A       3%          2
 Mephitic Cloud           Conj/Pois/Air  51%        N/A       3%          3
 Dazzling Flash           Conj/Hex       54%        N/A       6%          3
 Call Imp                 Summ           7%         N/A       11%         2
 Kindle Blastsparks       Fire/Tloc/Air  52%        2d14      16%         3
 Confusing Touch          Hex            7%         N/A       22%         3
 Fulminant Prism          Conj/Hex       13%        3d8       21%         4
 Freezing Cloud           Conj/Ice/Air   27%        6-21      54%         5
 Dispel Undead            Necr           7%         3d8       56%         4


Dungeon Overview and Level Annotations

Branches:
Dungeon (7/15)             Temple (0/1) D:4

Shops:
D:2 :(:   D:6 ?


Innate Abilities, Weirdness & Mutations

You have an increased reservoir of magic. (+10% MP)
You shall have no god before yourself.
Your divine heritage dramatically boosts your attributes as you level up.


Message History

The searing ray hits the gargoyle.
The gargoyle is severely damaged.
The gargoyle misses you.
The searing ray hits the gargoyle but does no damage.
The gargoyle is severely damaged.
The gargoyle hits you with a +0 mace!
The searing ray hits the gargoyle but does no damage.
The gargoyle is heavily damaged.
You finish channelling your searing ray.
The gargoyle hits you but does no damage.
The gargoyle hurls a stone arrow at you.
The stone arrow hits you!
Casting: Searing Ray (safe; 1% risk of failure)
Confirm with . or Enter, or press ? or * to list all spells.
Aiming: Searing Ray (safe; 1% risk of failure)
Press: ? - help, Shift-Dir - straight line, f/p - gargoyle
Aim: a gargoyle, wielding a +0 mace (heavily damaged, 91% to hit)
The searing ray hits the gargoyle but does no damage.
The gargoyle is heavily damaged. (Press . to maintain the ray.)
The gargoyle hurls a stone arrow at you.
The stone arrow hits you!!
The searing ray hits the gargoyle!
The gargoyle is almost destroyed.
The gargoyle closely misses you.
The searing ray hits the gargoyle.
The gargoyle is almost destroyed.
The gargoyle hurls a stone arrow at you.
The stone arrow hits you!!
* * * LOW HITPOINT WARNING * * *
Sorry, you're not good enough to have a special ability.
You feel much better.
The gargoyle hurls a stone arrow at you.
The stone arrow hits you!
* * * LOW HITPOINT WARNING * * *
As you read the scroll of teleportation, it crumbles to dust.
You feel strangely unstable.
The gargoyle hurls a stone arrow at you.
The stone arrow hits you!!
You die...

.. #..##.......# ...#.
######..#.#..##.# 8.#.
.....#..#....##.# ...# ..
......#...##.##.# #..# #..
#..#.##.##.# #..
#..#######..#.#..##.#
####.####..#.#.#..##.#.###.#
#.......##.....9.##.†#.###.#
#..###.#..##..)@.##.........#
#.##..###)###..###.#####
#.###.).....).## #.# #.#
#######..## #.. ## ###.###
#.## #### .#
#.....#######.###### .#
#.#.#..............# .##
#<#.##############.#
..###.#.#


You could see a gargoyle.

Vanquished Creatures
  Grinder (D:5)
  Prince Ribbit (D:6)
  Sigmund (D:5)
  Eustachio (D:4)
  A water moccasin (D:6)
  2 black bears
  3 ice beasts (D:6)
  A sky beast (D:7)
  3 centaurs
  2 ogres
  A phantom (D:7)
  A kobold brigand (D:7)
  2 bullfrogs
  A gnoll sergeant (D:6)
  A necrophage (D:4)
  2 scorpions (D:5)
  4 howler monkeys (D:7)
  7 hounds
  A jelly (D:5)
  An orc priest (D:3)
  4 iguanas
  Ijyb (D:5)
  Natasha (thrice) (D:4)
  6 orc wizards
  7 gnolls
  8 adders
  6 dart slugs
  6 worms
  26 orcs
  8 ball pythons
  13 endoplasms
  4 giant cockroaches
  11 goblins
  8 hobgoblins
  4 quokkas
  9 bats
  4 frilled lizards
  9 kobolds
  6 rats
180 creatures vanquished.

Notes
Turn   | Place    | Note
-------+----------+-------------------------------------------
     0 | D:1      | Engwar the Demigod Conjurer began the quest for the Orb.
     0 | D:1      | Reached XP level 1. HP: 14/14 MP: 5/5
   492 | D:1      | Reached XP level 2. HP: 22/22 MP: 4/7
   495 | D:1      | Learned a level 2 spell: Searing Ray
  1386 | D:2      | Reached skill level 1 in Armour
  1390 | D:2      | Reached skill level 1 in Fighting
  1390 | D:2      | Reached XP level 3. HP: 24/28 MP: 2/8
  1738 | D:2      | Found Foq Puef's Book Shop.
  2022 | D:2      | Found Ubya's Book Shop.
  2083 | D:2      | Found Lugiruff's Weapon Emporium.
  2515 | D:2      | Reached skill level 4 in Conjurations
  2520 | D:2      | Reached XP level 4. HP: 6/35 MP: 4/10
  2925 | D:3      | Identified a scroll of acquirement
  2925 | D:3      | Acquired 524 gold pieces
  3072 | D:2      | Bought a Trismegistus Codex for 280 gold pieces
  3072 | D:2      | Bought a Young Poisoner's Handbook for 200 gold pieces
  3076 | D:2      | Learned a level 3 spell: Mephitic Cloud
  3195 | D:3      | Reached XP level 5. HP: 16/41 MP: 11/11
  4272 | D:4      | Noticed Natasha
  4278 | D:4      | Killed Natasha
  4279 | D:4      | Reached skill level 1 in Air Magic
  4279 | D:4      | Noticed a black bear
  4287 | D:4      | Killed a black bear
  4288 | D:4      | Reached skill level 1 in Poison Magic
  4288 | D:4      | Reached XP level 6. HP: 45/48 MP: 0/13
  4292 | D:4      | Learned a level 3 spell: Ignite Poison
  4598 | D:4      | Noticed Natasha
  4604 | D:4      | Killed Natasha
  4714 | D:4      | Found a staircase to the Ecumenical Temple.
  4719 | D:4      | Noticed Natasha
  4725 | D:4      | Killed Natasha
  5338 | D:4      | Noticed Eustachio
  5370 | D:5      | Entered Level 5 of the Dungeon
  5395 | D:5      | Reached XP level 7. HP: 35/56 MP: 1/14
  5779 | D:4      | Killed Eustachio
  6548 | D:5      | Reached skill level 5 in Conjurations
  6549 | D:5      | Noticed Ijyb
  6561 | D:5      | Killed Ijyb
  6778 | D:5      | Acquired the +3 Elemental Staff {rElec rF++ rC++ AC+5}
  6778 | D:5      | Found the +3 Elemental Staff {rElec rF++ rC++ AC+5}
  6793 | D:5      | Learned a level 4 spell: Olgreb's Toxic Radiance
  6817 | D:5      | Noticed Grinder
  6915 | D:4      | Reached XP level 8. HP: 58/63 MP: 14/17
  7096 | D:5      | Killed Grinder
  7097 | D:5      | Reached skill level 1 in Evocations
  7329 | D:5      | Noticed Sigmund
  7336 | D:5      | Killed Sigmund
  7619 | D:6      | Noticed Prince Ribbit
  7625 | D:6      | Killed Prince Ribbit
  7674 | D:6      | Reached XP level 9. HP: 64/71 MP: 10/19
  7822 | D:6      | Learned a level 4 spell: Iskenderun's Mystic Blast
  8071 | D:6      | Found Nuetemikhlo's Magic Scroll Shop.
  8098 | D:6      | Bought a scroll of identify for 22 gold pieces
  8098 | D:6      | Bought a scroll of identify for 22 gold pieces
  8238 | D:7      | Reached skill level 6 in Conjurations
  8409 | D:7      | Reached skill level 5 in Dodging
  8514 | D:7      | Noticed a gargoyle
  8561 | D:7      | Killed from afar by a gargoyle

Illustrated notes

Levels and vault maps discovered:
D:1:      dpeg_arrival_tiny_h, layout_basic
D:2:      minmay_thinvault, layout_loops_ring, serial_shops, shop,
          nicolae_shop_behind_doors, nicolae_shop_hallway_stairs, basic_altar,
          minmay_statues_item, serial_park_tiny_2,
          hangedman_decor_diamond_cutter, minmay_misc_feat_doors,
          minmay_misc_feat_diagonals
D:3:      layout_basic
D:4:      minmay_chambers_of_threes, layout_rooms, minmay_temple_entry_mist,
          uniq_eustachio, uniq_natasha
D:5:      layout_rooms, uniq_grinder, uniq_sigmund, uniq_ijyb
D:6:      layout_loops_ring, serial_shops, nicolae_lakefront_shop,
          uniq_prince_ribbit1
D:7:      minmay_the_grid_octo_tiled_octocenter
          [minmay_the_grid_octo_tetromino_candy, minmay_the_grid_octo_chip,
          minmay_the_grid_octo_shrine, minmay_the_grid_octo_concentric,
          minmay_the_grid_octo_prize_square_snowflake,
          minmay_the_grid_square_5x5_forky, minmay_the_grid_square_5x5_bite,
          minmay_the_grid_square_5x5_shrine2, minmay_the_grid_square_5x5_empty],
          layout_loops_ring, st_stairs_4, lightli_minifort

Skill      XL: |  1  2  3  4  5  6  7  8  9 |
---------------+----------------------------+-----
Dodging        | 2 3 4 5 |  5.0
Spellcasting   | 2 3 4 |  4.7
Armour         | 1 2 3 4 |  4.8
Fighting       | 1 2 3 4 |  4.7
Conjurations   | 4 5 6 |  6.2
Air Magic      | 1 2 |  2.0
Poison Magic   | 1 2 3 4 |  4.2
Evocations     | 2 3 |  3.1
Stealth        | |  1.7

Action                   |  1- 3 |  4- 6 |  7- 9 || total
-------------------------+-------+-------+-------++-------
Melee: Spear             |    21 |    86 |    13 ||   120
       Punch             |       |     1 |     1 ||     2
       Staff             |       |       |    39 ||    39
 Cast: Magic Dart        |    96 |   169 |   155 ||   420
       Searing Ray       |     4 |     8 |    55 ||    67
       Mephitic Cloud    |       |     2 |     2 ||     4
       Ignite Poison     |       |     1 |     2 ||     3
       Olgreb's Toxic Ra |       |       |     4 ||     4
       Iskenderun's Myst |       |       |     1 ||     1
  Use: Scroll            |     1 |    12 |     7 ||    20
       Potion            |     1 |     1 |     1 ||     3
 Stab: Confused          |       |       |     2 ||     2
Armor: Robe              |     9 |    24 |    14 ||    47
       Leather armour    |       |       |    64 ||    64
Dodge: Dodged            |    22 |    59 |   109 ||   190

Table legend: (Time is in decaauts)
 A = Elapsed time spent in this place.
 B = Non-inter-level travel time spent in this place.
 C = Inter-level travel time spent in this place.
 D = Time resting spent in this place.
 E = Time spent auto-exploring this place.
 F = Levels seen in this place.
 G = Mean time per level.
                   A        B        C        D        E       F      G
               +--------+--------+--------+--------+--------+-----+--------+
         Total |   8589 |   8257 |    332 |   1072 |   5799 |   7 | 1227.0 |
       Dungeon |   8589 |   8257 |    332 |   1072 |   5799 |   7 | 1227.0 |
               +--------+--------+--------+--------+--------+-----+--------+

Top non-repeatable levels by time:
     D:2: 1843 daAuts
     D:4: 1830 daAuts
     D:5: 1458 daAuts
     D:3: 1225 daAuts
     D:1: 1102 daAuts
     D:6: 772 daAuts
     D:7: 358 daAuts
